Map: Dusk Towers

Players

Fumba - Winner!

  • Race: Terran Terran
  • League: Silver

LilDicky

  • Race: Terran Terran
  • League: Diamond

VOD

http://www.twitch.tv/tumescentpie

Description

Time

  • Played on: Nov. 30, 2015, 1:16 p.m.
  • Length: 11:30
Show
View Real Time Build Order
Export as new Build Order

Fumba Terran - Winner!

Build Orders: 1/1/1, Liberator Opening 

Get SALT Encoding   

  12  0:01  SCV  
  13  0:13  SCV  
  14  0:18  Supply Depot  
  14  0:25  SCV  
  15  0:34  Refinery  
  15  0:40  SCV  
  16  0:44  Barracks  
  16  0:52  SCV  
  17  1:04  SCV  
  18  1:12  Refinery  
  18  1:16  SCV  
  19  1:32  Orbital Command  
  19  1:33  Marine  
  19  1:35  Supply Depot  
  20  1:40  Factory  
  20  1:51  Marine  
  21  1:59  SCV  
  22  2:09  Marine  
  22  2:12  SCV  
  24  2:16  Supply Depot  
  24  2:23  Factory Tech Lab  
  24  2:24  Starport  
  24  2:28  Marine  
  25  2:30  SCV  
  26  2:44  SCV  
  27  2:45  Siege Tank, Liberator  
  30  2:52  Marine  
  30  2:58  SCV  
  34  3:05  Barracks  
  34  3:10  Marine  
  36  3:14  Supply Depot  
  35  3:21  Siege Tank  
  38  3:37  Liberator  
  38  3:38  Marine  
  39  3:42  SCV  
  44  3:56  Marine  
  44  3:57  Barracks Tech Lab  
  44  4:05  Hellion  
  44  4:08  SCV  
  47  4:11  Supply Depot  
  47  4:12  Supply Depot  
  47  4:32  Marine x2  
  47  4:33  Siege Tank  
  48  4:50  Marine x2  
  29  5:08  Marine x2  
  29  5:10  SCV  
  32  5:22  SCV  
  32  5:26  Marine x2  
  34  5:41  SCV  
  35  5:44  Marine x2  
  37  6:01  Marine  
  38  6:07  Marine  
  39  6:22  Marine  
  40  7:16  Marine  
  40  7:18  SCV  
  42  7:30  SCV  
  42  7:31  Liberator  
  42  7:34  Marine  
  44  7:42  SCV  
  48  7:52  Marine  
  49  8:03  SCV  
  50  8:10  Marine  
  51  8:28  Marine  
  52  8:45  Marine  
  53  9:03  Marine  
  54  9:11  SCV  
  55  9:21  Marine  
  55  9:23  SCV  
  57  9:35  SCV  
  58  9:39  Marine  
  59  9:57  Marine  
  53  10:14  Marine  
  53  10:15  Command Center  
  46  10:31  SCV  
  46  10:32  Marine  
  48  10:43  SCV  
  49  10:50  Marine  
  49  10:55  SCV  
  51  11:08  SCV  
  51  11:09  Marine  
Show
View Real Time Build Order
Export as new Build Order

LilDicky Terran 

Build Orders:  

Get SALT Encoding   

  12  0:05  SCV  
  13  0:19  SCV  
  14  0:26  Supply Depot  
  14  0:31  SCV  
  15  0:37  Refinery  
  15  0:48  SCV  
  15  0:49  Barracks  
  16  1:00  SCV  
  17  1:12  SCV  
  18  1:25  SCV  
  19  1:27  Barracks  
  19  1:29  Barracks  
  19  1:38  Reaper  
  21  1:41  Orbital Command  
  20  1:51  Supply Depot  
  20  1:57  Refinery  
  20  2:07  SCV  
  21  2:19  SCV, Reaper x3  
  25  2:31  SCV  
  26  2:39  Supply Depot  
  26  2:43  SCV  
  27  2:51  Reaper x3  
  28  2:55  SCV  
  31  3:10  SCV  
  32  3:15  Command Center  
  32  3:20  Refinery  
  32  3:23  Reaper x2  
  32  3:24  Reaper  
  34  3:40  SCV  
  33  3:54  SCV  
  33  4:03  Marine x2  
  33  4:04  Marine  
  33  4:07  SCV  
  37  4:11  Bunker  
  37  4:12  Bunker  
  37  4:19  SCV  
  37  4:22  Marine  
  39  4:26  Marine x2  
  39  4:28  Supply Depot  
  41  4:40  Marine  
  41  4:44  Marine x2  
  42  4:57  Marine  
  36  5:01  Marine x2  
  34  5:19  Marine x2  
  12  5:37  Orbital Command  
  10  6:07  Supply Depot  
  6  6:13  Orbital Command  
  6  6:32  Marine  
  7  6:50  Factory  
  7  7:00  Orbital Command  
  7  7:01  Marine  
  8  7:34  Orbital Command  
  6  7:37  Marine  
  6  7:40  Factory Tech Lab  
  7  7:50  Starport  
  7  7:55  SCV, Marine  
  9  8:12  SCV, Refinery  
  10  8:15  Widow Mine  
  7  8:41  Banshee, Cloaking Field  
  7  9:10  Widow Mine  
  7  9:20  Orbital Command  
  5  10:25  Orbital Command  
  1  11:06  Marine  
Tags
 
Add a new tag
Caveats
  • Supply blocks, unpowered buildings, or Contaminate may cause inaccurate times.
  • Supply counts are checked every 10 seconds.